 Dungeon Crawl Stone Soup version 0.19.0-2-gae57169 (webtiles) character file.

30502 l0ser140 the Protected (level 13, -63/104 HPs)
             Began as a Human Fighter on Nov 3, 2016.
             Was a High Priest of Okawaru.
             Annihilated by a titanic slime creature (96 damage)
             ... on level 13 of the Dungeon on Nov 4, 2016.
             The game lasted 01:21:59 (24638 turns).

l0ser140 the Protected (Human Fighter)             Turns: 24638, Time: 01:21:59

Health: -63/104    AC: 17    Str: 20    XL:     13   Next: 89%
Magic:  17/17      EV: 18    Int:  9    God:    Okawaru [*****.]
Gold:   987        SH:  0    Dex: 20    Spells: 2 memorised, 9 levels left

rFire  . . .     SeeInvis .     s - +2 great sword (elec)
rCold  . . .     Gourm    +     L - +0 scale mail
rNeg   + . .     Faith    .     (shield currently unavailable)
rPois  .         Spirit   .     w - +0 helmet
rElec  .         Reflect  .     (no cloak)
rCorr  .         Harm     .     x - +1 pair of gloves "Uwkuc" {rN+ Dex+6}
MR     .....                    g - +1 pair of boots
Stlth  ++........               q - amulet of the gourmand
                                (no ring)
                                (no ring)

@: heroism
A: no striking features
a: Heroism, Finesse, Renounce Religion


You were on level 13 of the Dungeon.
You worshipped Okawaru.
Okawaru was extremely pleased with you.
You were not hungry.

You visited 4 branches of the dungeon, and saw 20 of its levels.
You also visited: Sewer.

You collected 1157 gold pieces.
You spent 170 gold pieces at shops.

Inventory:

Hand Weapons
 s - a +2 great sword of electrocution (weapon)
   (You found it on level 3 of the Lair of Beasts)
 y - a +0 blowgun {@w1}
 C - a +2 whip of freezing
   (You took it off a kobold in a sewer)
Missiles
 c - 4 javelins
 l - 12 tomahawks
 z - 130 poisoned needles
 F - 2 needles of confusion
 K - 7 curare-tipped needles
 P - 4 exploding tomahawks (quivered)
 U - 5 tomahawks of returning
Armour
 g - a +1 pair of boots (worn)
 r - a +0 cloak
 w - a +0 helmet (worn)
 x - the +1 pair of gloves "Uwkuc" (worn) {rN+ Dex+6}
   (You found it on level 9 of the Dungeon)

   It affects your dexterity (+6).
   It protects you from negative energy.
 J - a +2 shield
 L - a +0 scale mail (worn)
Jewellery
 q - an amulet of the gourmand (around neck)
   (You found it on level 9 of the Dungeon)
Wands
 b - a wand of confusion (21/48)
Scrolls
 a - a scroll of identify {@r1}
 e - 6 scrolls of enchant weapon
 h - a scroll of recharging
 j - 7 scrolls of remove curse
 k - 3 scrolls of blinking
 m - a scroll of silence {unknown}
 p - 2 scrolls of teleportation
 t - 4 scrolls of magic mapping
 u - a scroll of torment
 T - a scroll of fog
 V - a scroll of amnesia
Potions
 d - a potion of might
 n - 5 potions of flight
 v - 4 potions of brilliance
 A - 3 potions of cancellation
 B - 3 potions of heal wounds
 D - 7 potions of agility
 G - 2 potions of magic
 H - 2 potions of ambrosia
 I - 2 potions of haste
 M - 4 potions of curing
 Q - 3 potions of berserk rage
Books
 R - a book of Necromancy

   Spells                             Type                      Level
   a - Pain                           Necromancy                   1
   b - Animate Skeleton               Necromancy                   1
   c - Vampiric Draining              Necromancy                   3
   d - Regeneration                   Charms/Necromancy            3
   e - Animate Dead                   Necromancy                   4
   f - Control Undead                 Necromancy                   4
Comestibles
 f - 9 bread rations
 i - 7 meat rations
 o - 10 royal jellies
 E - 2 fruits
 N - a slice of pizza
 S - a beef jerky


   Skills:
 + Level 10.7(15.7) Fighting
 + Level 9.8(14.8) Long Blades
 + Level 10.9(15.9) Armour
 - Level 5.3(10.3) Dodging
 - Level 9.1(14.1) Shields
 - Level 9.0 Hexes
 - Level 6.5 Invocations


You had 9 spell levels left.
You knew the following spells:

 Your Spells              Type           Power        Failure   Level  Hunger
k - Corona                Hex            ###....      1%          1    ##.....
y - Slow                  Hex            ###.....     3%          2    ###....


Dungeon Overview and Level Annotations

Branches:
Dungeon (13/15)            Temple (1/1) D:5            Lair (5/6) D:9
  Swamp (0/4) Lair:3        Snake (0/4) Lair:4          Orc (1/2) D:9
  Slime: Lair:5-6    Vaults: D:13-14

Altars:
Ashenzari
Cheibriados
Dithmenos
Elyvilon
Fedhas
Gozag
Hepliaklqana
Kikubaaqudgha
Makhleb
Nemelex Xobeh
Okawaru
Qazlal
Ru
Sif Muna
Trog
Uskayaw
Vehumet
Xom
Yredelemnul
Zin
The Shining One

Shops:
D:10 (   D:13 *

Annotations:
D:6 Sigmund
Lair:3 Rupert


Message History

The enormous slime creature barely misses you.
You slice the enormous slime creature!!
The enormous slime creature is lightly wounded.
The enormous slime creature hits you!
Two slime creatures merge to form a titanic slime creature.
Damage: -11%(-11hp) hp: 55%(57hp) Unknown command.
You slice the titanic slime creature!!
There is a sudden explosion of sparks!
The titanic slime creature is moderately wounded.
You hit the titanic slime creature.
There is a sudden explosion of sparks!
The titanic slime creature is moderately wounded.
The titanic slime creature closely misses you.
You riposte.
You slash the titanic slime creature!
There is a sudden explosion of sparks!
The titanic slime creature is heavily wounded.
You slash the titanic slime creature!
There is a sudden explosion of sparks!
The titanic slime creature is heavily wounded.
The titanic slime creature misses you.
You riposte.
You slash the titanic slime creature!
There is a sudden explosion of sparks!
The titanic slime creature is heavily wounded.
You hit the titanic slime creature but do no damage.
The titanic slime creature is heavily wounded.
The titanic slime creature hits you!!
* * * LOW HITPOINT WARNING * * *
Huge Dmg: -26%(-27hp) hp: 30%(31hp)
You slice the titanic slime creature!!
The titanic slime creature is severely wounded.
The titanic slime creature completely misses you.
Unknown command.
You slice the titanic slime creature!!
The titanic slime creature is severely wounded.
The titanic slime creature closely misses you.
You riposte.
You slash the titanic slime creature!
The titanic slime creature is severely wounded.
Unknown command.
You hit the titanic slime creature.
The titanic slime creature is severely wounded.
The titanic slime creature misses you.
You riposte.
You slice the titanic slime creature!!
There is a sudden explosion of sparks!
The titanic slime creature is almost dead.
Unknown command.
You slash the titanic slime creature!
The titanic slime creature is almost dead.
The titanic slime creature closely misses you.
Unknown command.
You slice the titanic slime creature!!
The titanic slime creature is almost dead.
The titanic slime creature hits you!!!!
Ouch! That really hurt!
You die...

.###.### #)# ###.#
.......####)######### #.#
.###.#.##..)........# #.#
.# #.#.##.#.....###. #.#
.# #.#.##.#####.# #.#
####.#.##.# #.# #.#
..##.#.##.# #.# # #.#
#.##.#.##.#####.###.##...
..#
#.##.#.##.##....♂JFy...#
#.##.#.##.##.##.###.##...
#.##.#)......##.# #
#.##..........#.#
#................
#####.###.####### ###
#... #####


You could see a titanic slime creature, a vampire mosquito and a bullfrog.

Vanquished Creatures
  3 hydras (Lair:4 D:11)
  Sonja (D:11)
  The ghost of lorenzova the Jinx, a journeyman SpEn of Dithmenos (D:11)
  3 unseen horrors (D:12 D:13)
  3 hill giants (D:10 D:12 D:13)
  A deep elf mage (D:11)
  An ugly thing (D:13)
  A manticore (D:13)
  A cyclops (D:13)
  2 elephants (D:9 Lair:4)
  3 black mambas (Lair:3 Lair:5 Lair:4)
  A gargoyle (D:10)
  Psyche (D:10)
  4 spiny frogs (Lair:1 Lair:3 Lair:4)
  3 centaur skeletons (D:11 D:13)
  4 komodo dragons (Lair:1 Lair:5 Lair:4 D:12)
  2 hornets (Lair:4 D:12)
  2 two-headed ogres (D:11 D:13)
  3 slime creatures (D:13)
  4 blink frogs (Lair:3)
  5 hippogriffs (Lair:1 Lair:4 D:10)
  A shadow (D:11)
  A wraith (D:8)
  A water elemental (D:11)
  2 wyverns (Lair:1 D:11)
  A spriggan (Lair:3)
  9 yaks (D:12)
  A basilisk (Lair:3)
  2 hungry ghosts (D:9 D:8)
  Menkaure (D:5)
  13 vampire mosquitoes (Lair:3 D:13)
  2 steam dragons (Lair:4 D:11)
  7 water moccasins (Lair:1 Lair:2 Lair:3 Lair:5 Lair:4)
  A soldier ant (D:13)
  3 nagas (Lair:3 Lair:4)
  An insubstantial wisp (Lair:3)
  6 porcupines (Lair:1 Lair:2 Lair:3)
  3 orc warriors (D:7 D:8 D:10)
  A black bear (D:8)
  A hornet zombie (D:13)
  A meliai simulacrum (D:12)
  4 phantoms (D:6 D:8 D:11 D:13)
  A necrophage (D:9)
  4 ice beasts (D:6 D:8 D:10 D:11)
  3 sky beasts (D:3 D:9)
  6 centaurs (D:7 D:8 D:9 D:13)
  3 ogres (Temple D:7 D:9)
  4 wolves (Lair:3)
  6 crocodiles (D:8 D:9 Lair:1 Lair:3 Lair:5)
  3 big kobolds (Sewer D:11 D:13)
  13 bullfrogs (D:7 D:9 Lair:1 Lair:2 Lair:3)
  22 killer bees (D:7 D:8 D:11 D:13)
  9 wights (D:11 D:13)
  4 electric eels (D:11 D:12)
  4 howler monkeys (D:6 D:11)
  4 crimson imps (D:5 D:6 D:11 D:13)
  A centaur zombie (D:8)
  8 jellies (D:5 D:6 D:7 D:9 D:10)
  5 hounds (D:5 D:9 D:11 D:13)
  A bullfrog skeleton (D:11)
  4 quasits (D:5 D:8 D:10 D:11)
  10 orc priests (D:4 D:3 D:5 D:8 D:10)
  10 orc wizards (D:4 D:5 D:8 D:10 D:11)
  2 iguanas (D:4 D:12)
  8 worker ants (D:4 D:5 D:9 D:10 D:11)
  2 hound zombies (D:7 D:11)
  2 hound skeletons (D:4 D:8)
  A worker ant zombie (D:7)
  Robin (D:2)
  A howler monkey zombie (D:9)
  A howler monkey skeleton (D:4)
  19 adders (D:2 D:3 D:4 Sewer D:5)
  5 river rats (Sewer)
  2 shadow imps (D:5 D:7)
  7 oozes (D:1 D:3 D:9)
  An adder zombie (D:8)
  5 worms (D:2 D:3 D:4)
  2 dart slugs (D:1 D:5)
  10 leopard geckos (D:1 D:2 D:4 D:8 D:11)
  57 orcs (D:3 D:4 D:5 D:6 D:7)
  14 bats (D:1 D:2 D:3)
  10 giant cockroaches (D:1 D:2 D:3 D:4)
  12 goblins (D:1 D:2)
  11 hobgoblins (D:1 D:2 D:3)
  11 jackals (D:1 D:7)
  29 kobolds (D:1 D:2 D:3 Sewer D:12)
  6 quokkas (D:3 D:5 D:6 D:7 D:10)
  8 ball pythons (D:1 D:2 Sewer)
  2 frilled lizards (D:2)
  A leopard gecko skeleton (D:8)
  A leopard gecko zombie (D:8)
  29 rats (D:1 D:2 D:3 Sewer)
496 creatures vanquished.

Vanquished Creatures (others)
  A howler monkey (D:11)
  An orc (D:8)
  3 fungi (Lair:2 Lair:3)
  A plant (Lair:2)
6 creatures vanquished.

Grand Total: 502 creatures vanquished

Notes
Turn   | Place    | Note
-------+----------+-------------------------------------------
     0 | D:1      | l0ser140 the Human Fighter began the quest for the Orb.
     0 | D:1      | Reached XP level 1. HP: 18/18 MP: 1/1
    39 | D:1      | Huge Dmg: 4 Dmg
    39 | D:1      | Reached XP level 2. HP: 19/24 MP: 2/2
   218 | D:1      | Reached XP level 3. HP: 24/29 MP: 3/3
   222 | D:1      | Huge Dmg: 4 Dmg
   537 | D:1      | Huge Dmg: 13 Dmg
  1108 | D:2      | Found a glowing golden altar of the Shining One.
  1168 | D:2      | Reached XP level 4. HP: 28/35 MP: 4/4
  1258 | D:2      | Huge Dmg: 8 Dmg
  1407 | D:2      | Reached skill level 4 in Shields
  1435 | D:2      | Reached skill level 4 in Armour
  1587 | D:2      | Noticed Robin
  1615 | D:2      | Killed Robin
  1615 | D:2      | Reached XP level 5. HP: 36/41 MP: 5/5
  2747 | D:4      | Reached skill level 4 in Fighting
  2747 | D:4      | Reached XP level 6. HP: 48/48 MP: 6/6
  3097 | D:4      | Found a glowing drain.
  3121 | Sewer    | Entered a sewer
  3251 | Sewer    | Reached skill level 5 in Shields
  3252 | Sewer    | Reached XP level 7. HP: 44/55 MP: 7/7
  3408 | Sewer    | Reached skill level 5 in Armour
  4839 | D:3      | Huge Dmg: 10 Dmg
  4843 | D:3      | Huge Dmg: 7 Dmg
  4846 | D:3      | Reached skill level 5 in Fighting
  5048 | D:3      | Huge Dmg: 12 Dmg
  5069 | D:3      | Huge Dmg: 16 Dmg
  5069 | D:3      | Reached XP level 8. HP: 28/62 MP: 8/8
  5356 | D:5      | Entered Level 5 of the Dungeon
  5422 | D:5      | Huge Dmg: 11 Dmg
  5435 | D:5      | Reached skill level 3 in Long Blades
  5612 | D:5      | Reached skill level 6 in Shields
  5686 | D:5      | Found a staircase to the Ecumenical Temple.
  5696 | Temple   | Entered the Ecumenical Temple
  5701 | Temple   | Huge Dmg: 18 Dmg
  5705 | Temple   | Huge Dmg: 13 Dmg
  6053 | Temple   | Became a worshipper of Warmaster Okawaru
  6094 | D:5      | Found an opulent altar of Gozag.
  6245 | D:5      | Noticed Menkaure
  6251 | D:5      | Huge Dmg: 13 Dmg
  6256 | D:5      | Huge Dmg: 19 Dmg
  6257 | D:5      | Killed Menkaure
  6257 | D:5      | Reached skill level 6 in Armour
  6568 | D:6      | Huge Dmg: 13 Dmg
  6571 | D:6      | Reached skill level 4 in Long Blades
  6633 | D:6      | Noticed Sigmund
  7014 | D:6      | Reached skill level 6 in Fighting
  7100 | D:6      | Reached XP level 9. HP: 65/69 MP: 9/9
  7258 | D:7      | Reached * piety under Okawaru
  7658 | D:7      | Huge Dmg: 18 Dmg
  7660 | D:7      | Huge Dmg: 18 Dmg
  8011 | D:7      | Reached skill level 5 in Long Blades
  8011 | D:7      | Reached skill level 7 in Shields
  8078 | D:8      | Huge Dmg: 25 Dmg
  8167 | D:8      | Huge Dmg: 13 Dmg
  8170 | D:8      | Huge Dmg: 34 Dmg
  8516 | D:8      | Huge Dmg: 43 Dmg
  8517 | D:8      | HP: 3/71 [orc warrior/scimitar (16)]
  8519 | D:7      | Huge Dmg: 16 Dmg
  8524 | D:7      | Huge Dmg: 10 Dmg
  8529 | D:7      | Reached skill level 7 in Armour
  8919 | D:8      | Huge Dmg: 21 Dmg
  8928 | D:8      | Reached skill level 7 in Fighting
  9582 | D:8      | Huge Dmg: 9 Dmg
  9585 | D:8      | Huge Dmg: 7 Dmg
  9585 | D:8      | Reached XP level 10. HP: 20/79 MP: 10/10
  9593 | D:8      | Reached skill level 6 in Long Blades
 10112 | D:9      | Reached skill level 1 in Dodging
 10153 | D:9      | Found a staircase to the Lair.
 10153 | D:9      | Noticed an elephant
 10243 | D:8      | Huge Dmg: 16 Dmg
 10419 | D:8      | Reached skill level 2 in Dodging
 10546 | D:9      | Huge Dmg: 27 Dmg
 10550 | D:9      | Huge Dmg: 12 Dmg
 10550 | D:9      | Reached ** piety under Okawaru
 10550 | D:9      | Reached skill level 8 in Shields
 10608 | D:9      | Huge Dmg: 13 Dmg
 11050 | D:9      | Huge Dmg: 20 Dmg
 11053 | D:8      | Huge Dmg: 11 Dmg
 11335 | D:8      | Huge Dmg: 14 Dmg
 11615 | D:9      | Reached skill level 8 in Armour
 12011 | D:9      | Killed an elephant
 12011 | D:9      | Reached skill level 3 in Dodging
 12091 | D:9      | Got a pair of warped gloves
 12284 | D:9      | Identified the +1 pair of gloves "Uwkuc" {rN+ Dex+6} (You found it on level 9 of the Dungeon)
 12335 | D:9      | Reached skill level 7 in Long Blades
 12358 | D:9      | Found a staircase to the Orcish Mines.
 12491 | Orc:1    | Entered Level 1 of the Orcish Mines
 12491 | Orc:1    | Noticed an ettin
 12491 | Orc:1    | Noticed an orc knight
 12592 | Lair:1   | Entered Level 1 of the Lair of Beasts
 12698 | Lair:1   | Reached skill level 8 in Fighting
 12742 | Lair:1   | Noticed a spiny frog
 12754 | Lair:1   | Killed a spiny frog
 12754 | Lair:1   | Reached *** piety under Okawaru
 12954 | Lair:1   | Reached XP level 11. HP: 54/86 MP: 8/11
 13190 | Lair:1   | Reached skill level 4 in Dodging
 13441 | Lair:1   | Huge Dmg: 19 Dmg
 13448 | Lair:1   | Huge Dmg: 12 Dmg
 13452 | Lair:1   | Huge Dmg: 10 Dmg
 14242 | Lair:2   | Noticed an eight-headed hydra
 14274 | Lair:2   | Huge Dmg: 27 Dmg
 14456 | Lair:3   | Reached skill level 9 in Shields
 14504 | Lair:3   | Huge Dmg: 18 Dmg
 14525 | Lair:3   | Reached skill level 9 in Armour
 14536 | Lair:3   | Huge Dmg: 14 Dmg
 14711 | Lair:3   | Reached **** piety under Okawaru
 14857 | Lair:3   | Reached skill level 8 in Long Blades
 14857 | Lair:3   | Reached skill level 5 in Dodging
 14919 | Lair:3   | Reached skill level 9 in Fighting
 14975 | Lair:3   | Found a staircase to the Swamp.
 15442 | Lair:3   | Noticed Rupert
 15443 | Lair:3   | Paralysed by Rupert for 5 turns
 15706 | Lair:4   | Learned a level 2 spell: Slow
 15709 | Lair:4   | Learned a level 1 spell: Corona
 15720 | Lair:4   | Noticed an elephant
 15720 | Lair:4   | Noticed a five-headed hydra
 15741 | Lair:3   | Reached skill level 1 in Hexes
 15838 | Lair:4   | Found a staircase to the Snake Pit.
 16064 | Lair:4   | Reached skill level 2 in Hexes
 16139 | Lair:4   | Reached XP level 12. HP: 84/95 MP: 12/12
 16259 | Lair:4   | Reached skill level 3 in Hexes
 16305 | Lair:5   | Huge Dmg: 23 Dmg
 16308 | Lair:5   | Huge Dmg: 20 Dmg
 16311 | Lair:5   | Huge Dmg: 19 Dmg
 16464 | Lair:5   | Huge Dmg: 11 Dmg
 16465 | Lair:5   | Huge Dmg: 10 Dmg
 16469 | Lair:5   | Huge Dmg: 14 Dmg
 16470 | Lair:5   | Reached skill level 1 in Invocations
 16505 | Lair:5   | Huge Dmg: 5 Dmg
 16947 | Lair:5   | Noticed an eight-headed hydra
 16957 | Lair:5   | Huge Dmg: 18 Dmg
 16967 | Lair:5   | Huge Dmg: 15 Dmg
 16969 | Lair:5   | Huge Dmg: 17 Dmg
 17340 | Lair:4   | Reached skill level 2 in Invocations
 17378 | Lair:4   | Reached skill level 3 in Invocations
 17397 | Lair:3   | Paralysed by Rupert for 2 turns
 17416 | Lair:4   | Killed a five-headed hydra
 17416 | Lair:4   | Reached skill level 4 in Invocations
 17463 | Lair:4   | Reached skill level 5 in Invocations
 17668 | Lair:4   | Noticed a four-headed hydra
 17685 | Lair:4   | Killed a four-headed hydra
 17685 | Lair:4   | Reached skill level 6 in Invocations
 17990 | Lair:4   | Huge Dmg: 21 Dmg
 17990 | Lair:4   | Reached skill level 4 in Hexes
 18151 | Lair:4   | Reached ***** piety under Okawaru
 18248 | D:10     | Entered Level 10 of the Dungeon
 18263 | D:10     | Huge Dmg: 25 Dmg
 18265 | D:10     | Huge Dmg: 13 Dmg
 18265 | D:10     | Reached skill level 5 in Hexes
 18619 | D:10     | Huge Dmg: 16 Dmg
 18621 | D:10     | Huge Dmg: 8 Dmg
 18924 | D:10     | Noticed Psyche
 18929 | D:10     | Killed Psyche
 18929 | D:10     | Reached skill level 6 in Hexes
 18965 | D:10     | Found Ineaha's Antique Weapon Shoppe.
 19025 | D:10     | Huge Dmg: 14 Dmg
 19025 | D:10     | Received a gift from Okawaru
 19836 | D:11     | Reached skill level 7 in Hexes
 19854 | D:11     | Noticed lorenzova's ghost (journeyman SpEn)
 19870 | D:11     | Killed lorenzova's ghost
 19965 | D:11     | Noticed Sonja
 19968 | D:11     | Killed Sonja
 19968 | D:11     | Reached skill level 8 in Hexes
 19968 | D:11     | Reached XP level 13. HP: 75/101 MP: 15/17
 20502 | D:11     | Reached skill level 9 in Hexes
 20691 | D:12     | Found a radiant altar of Vehumet.
 20744 | D:12     | Huge Dmg: 15 Dmg
 20961 | D:12     | Noticed a four-headed hydra
 20968 | D:12     | Huge Dmg: 19 Dmg
 20972 | D:12     | Huge Dmg: 25 Dmg
 20973 | D:12     | Huge Dmg: 10 Dmg
 20991 | D:12     | Huge Dmg: 8 Dmg
 21392 | D:12     | Found a shimmering altar of Xom.
 21595 | D:12     | Huge Dmg: 14 Dmg
 21646 | D:11     | Huge Dmg: 11 Dmg
 21658 | D:11     | Huge Dmg: 9 Dmg
 21959 | D:12     | Noticed a seven-headed hydra
 22013 | D:11     | Killed a four-headed hydra
 22341 | D:12     | Reached skill level 10 in Armour
 22425 | D:12     | Huge Dmg: 8 Dmg
 22428 | D:12     | Huge Dmg: 9 Dmg
 22439 | D:12     | Huge Dmg: 10 Dmg
 22734 | D:12     | Huge Dmg: 36 Dmg
 22961 | D:12     | Reached skill level 9 in Long Blades
 23436 | D:13     | Reached skill level 10 in Fighting
 23583 | D:13     | Huge Dmg: 32 Dmg
 23585 | D:13     | Huge Dmg: 31 Dmg
 24011 | D:13     | Found Myvofac's General Store.
 24044 | D:13     | Bought a scroll of identify for 34 gold pieces
 24044 | D:13     | Bought a potion of curing for 51 gold pieces
 24044 | D:13     | Bought a potion of heal wounds for 85 gold pieces
 24625 | D:13     | Huge Dmg: 37 Dmg
 24634 | D:13     | Huge Dmg: 27 Dmg
 24638 | D:13     | Annihilated by a titanic slime creature

Skill      XL: |  1  2  3  4  5  6  7  8  9 10 11 12 13 |
---------------+----------------------------------------+-----
Shields        | 4 5 6 7 8 9 |  9.1
Armour         | 4 5 6 7 8 9 10 | 10.9
Fighting       | 4 5 6 7 8 9 10 | 10.7
Long Blades    | 4 5 7 8 9 |  9.8
Dodging        | 3 5 |  5.3
Hexes          | 2 8 9 |  9.0
Invocations    | 6 |  6.5

Action                   |  1- 3 |  4- 6 |  7- 9 | 10-12 | 13-15 || total
-------------------------+-------+-------+-------+-------+-------++-------
Melee: Long sword        |   119 |   334 |   721 |   473 |       ||  1647
       Great sword       |       |       |       |   243 |   250 ||   493
       Whip              |       |       |       |    39 |    22 ||    61
       Punch             |       |       |       |     1 |     1 ||     2
 Cast: Corona            |       |       |       |    16 |     1 ||    17
Invok: Heroism           |       |       |     5 |    48 |    22 ||    75
       Finesse           |       |       |       |     2 |     1 ||     3
Evoke: Wand              |       |       |     4 |    14 |     1 ||    19
  Use: Potion            |       |       |    11 |     7 |     1 ||    19
       Scroll            |       |       |       |    25 |     1 ||    26
 Stab: Sleeping          |       |       |       |     1 |       ||     1
  Eat: Chunk             |     1 |     7 |    16 |    39 |    10 ||    73
       Fruit             |       |       |     4 |     8 |       ||    12
       Pizza             |       |       |     2 |       |       ||     2
       Beef jerky        |       |       |       |     1 |       ||     1
       Meat ration       |       |       |       |     1 |       ||     1
Armor: Scale mail        |    70 |   185 |   358 |   311 |   181 ||  1105
       Skin              |       |       |       |     5 |       ||     5
Dodge: Dodged            |    42 |   134 |   264 |   438 |   215 ||  1093
Block: Shield            |    64 |   224 |   478 |   269 |       ||  1035
       Rpst.: Long sword |    12 |    46 |    83 |    43 |       ||   184
       Great sword       |       |       |       |    63 |    53 ||   116

Vault maps used:
D:1:      dpeg_arrival_rooms_with_view, kennysheep_another_room,
          hex_intersection
D:2:      first_bread, interstate_on_off, chequers_big_river, tso_metal_star,
          uniq_robin
D:4:      gup_sewer_entry_pipe
D:5:      basic_altar, uniq_menkaure
D:6:      uniq_sigmund
D:9:      david_lair_generic, orc_0_dummy, hangedman_little_slice_of_home
D:10:     kennysheep_kobold_lugonu_temple, serial_shops,
          nicolae_shop_overgrown_old_shop, kennysheep_generic_room_13,
          uniq_psyche
D:11:     uniq_sonja
D:12:     basic_altar, brannock_xom_greatest_gift
D:13:     serial_shops, shop
Temple:   kilobyte_greek_temple
Lair:1:   serial_bayou_shore_b
Lair:3:   minmay_swamp_entry_swarm, serial_bayou_pond_e, patterned_corridor,
          uniq_rupert
Lair:4:   guppyfry_snake_entry_island, grunt_forest_large_clearing_hut
Orc:1:    serial_shops, nicolae_shop_stone, uniq_urug, uniq_nergalle, uniq_erica
Sewer:    sewer_minmay_treatment
